 Dungeon Crawl Stone Soup version 0.20-a0-760-g49f5558 (webtiles) character file.

480 Colliwobble the Cudgeler (level 7, 0/41 HPs)
             Began as a Gargoyle Fighter on Feb 25, 2017.
             Was an Initiate of Qazlal.
             Slain by Buffagor's ghost (1 damage)
             ... on level 4 of the Dungeon.
             The game lasted 00:06:25 (3674 turns).

Colliwobble the Cudgeler (Gargoyle Fighter)         Turns: 3674, Time: 00:06:26

Health: 0/41       AC: 11    Str: 21    XL:     7   Next: 11%
Magic:  7/7        EV:  7    Int:  9    God:    Qazlal [......]
Gold:   122        SH:  9    Dex:  9    Spells: 6/6 levels left

rFire    . . .     SeeInvis .   a - +0 morningstar
rCold    . . .     Gourm    .   b - +0 scale mail
rNeg     + . .     Faith    .   c - +0 shield
rPois    ∞         Spirit   .   (no helmet)
rElec    +         Reflect  .   (no cloak)
rCorr    .         Harm     .   (no gloves)
MR       +....                  (no boots)
Stlth    ..........             (no amulet)
Regen    0.2/turn               (no ring)
MPRegen  0.1/turn               k - ring of protection from magic

@: no status effects
A: negative energy resistance 1, electricity resistance, unbreathing,
petrification resistance, rot immunity, AC +4
a: Renounce Religion


You were on level 4 of the Dungeon.
You worshipped Qazlal.
Qazlal was noncommittal.
You were hungry.

You visited 1 branch of the dungeon, and saw 4 of its levels.

You collected 122 gold pieces.

Inventory:

Hand Weapons
 a - a +0 morningstar (weapon)
Missiles
 o - a throwing net (quivered)
Armour
 b - a +0 scale mail (worn)
 c - a +0 shield (worn)
Jewellery
 k - a ring of protection from magic (left hand)
Scrolls
 e - 7 scrolls of identify {unknown}
 g - a scroll of blinking {unknown}
 h - 5 scrolls of teleportation {unknown}
 j - a scroll of enchant weapon {unknown}
 l - 5 scrolls of remove curse {unknown}
 m - 2 scrolls of immolation {unknown}
 n - a scroll of fear {unknown}
 q - a scroll of fog {unknown}
Potions
 d - a potion of magic {unknown}
 r - 2 potions of curing {unknown}
 s - 2 potions of agility
 t - 2 potions of resistance {unknown}
Comestibles
 f - 2 bread rations
 i - 2 royal jellies
 p - 3 fruits
 u - 6 chunks of flesh


   Skills:
 - Level 3.2 Fighting
 + Level 7.5 Maces & Flails
 - Level 3.2 Armour
 - Level 3.2 Shields


You had 6 spell levels left.
You didn't know any spells.

Dungeon Overview and Level Annotations

Branches:
Dungeon (4/15)
 Temple: D:4-7

Altars:
Ashenzari
Qazlal

Annotations:
D:4 Buffagor's ghost, novice TrMo


Innate Abilities, Weirdness & Mutations

You are resistant to torment.
Your stone body is resilient. (AC +4)
You are immune to poison.
You resist negative energy. (rN+)
You are resistant to electric shocks. (rElec)
You can survive without breathing.
You are immune to petrification.
You are immune to rotting.


Message History

You block Buffagor's ghost's attack.
You closely miss Buffagor's ghost.
Buffagor's ghost is lightly damaged.
Buffagor's ghost hits you!
You puncture Buffagor's ghost!
Buffagor's ghost is moderately damaged.
You block Buffagor's ghost's attack.
You sock Buffagor's ghost!
Buffagor's ghost is heavily damaged.
Buffagor's ghost completely misses you.
You hit Buffagor's ghost.
Buffagor's ghost is heavily damaged.
Buffagor's ghost hits you!
You sock Buffagor's ghost!
Buffagor's ghost is heavily damaged.
Buffagor's ghost hits you!
* * * LOW HITPOINT WARNING * * *
Buffagor's ghost hits you but does no damage.
Buffagor's ghost hits you.
You die...

..........#.#
!>.....#.#.#
..........#≈
..........
.......##
...<...
..#####...#
.......@W.#
.#..........#
...###..#......
. ##.##.####
#.. ... ### ..#
.# .#


You could see Buffagor's ghost.

Vanquished Creatures
  Grinder (D:3)
  2 orc priests (D:3)
  An iguana (D:4)
  Natasha (twice) (D:3)
  3 gnolls (D:3)
  2 adders (D:2)
  4 worms
  A dart slug (D:1)
  5 leopard geckos
  8 orcs (D:3)
  4 giant cockroaches
  8 goblins
  9 hobgoblins
  5 jackals
  2 quokkas
  10 bats
  5 frilled lizards
  4 kobolds
  6 rats
82 creatures vanquished.

Notes
Turn   | Place    | Note
-------+----------+-------------------------------------------
     0 | D:1      | Colliwobble the Gargoyle Fighter began the quest for the Orb.
     0 | D:1      | Reached XP level 1. HP: 14/14 MP: 1/1
   382 | D:1      | Reached XP level 2. HP: 18/19 MP: 2/2
   504 | D:1      | Reached skill level 3 in Maces & Flails
   855 | D:2      | Reached XP level 3. HP: 23/23 MP: 3/3
  1337 | D:2      | Reached skill level 4 in Maces & Flails
  1398 | D:2      | Reached XP level 4. HP: 25/28 MP: 4/4
  1828 | D:3      | You fall through a shaft!
  1954 | D:3      | Reached skill level 5 in Maces & Flails
  1954 | D:3      | Reached XP level 5. HP: 20/32 MP: 5/5
  2181 | D:3      | Found a shattered altar of Ashenzari.
  2856 | D:3      | Noticed Natasha
  2865 | D:3      | Killed Natasha
  2865 | D:3      | Reached skill level 6 in Maces & Flails
  3047 | D:3      | Noticed Grinder
  3048 | D:3      | Paralysed by Grinder for 3 turns
  3063 | D:3      | HP: 1/32 [Grinder (3)]
  3065 | D:3      | Killed Grinder
  3065 | D:3      | Reached skill level 7 in Maces & Flails
  3065 | D:3      | Reached XP level 6. HP: 2/37 MP: 6/6
  3489 | D:3      | Reached XP level 7. HP: 36/41 MP: 7/7
  3530 | D:3      | Noticed Natasha
  3538 | D:3      | Killed Natasha
  3550 | D:3      | Found a stormy altar of Qazlal.
  3553 | D:3      | Became a worshipper of Qazlal Stormbringer
  3660 | D:4      | Noticed Buffagor's ghost (novice TrMo)
  3673 | D:4      | HP: 1/41 [Buffagor's ghost (13)]
  3674 | D:4      | Slain by Buffagor's ghost

Vault maps used:
D:1:      eino_arrival_cavern_d
D:2:      kennysheep_the_goblin_king
D:3:      ashenzari_altar_1, marbit_many_paths, uniq_grinder, uniq_natasha
D:4:      cheibrodos_greedy_goblins, elyvilon_altar_3, first_bread,
          serial_undead, serial_undead_b, serial_undead_b, serial_undead_e,
          serial_undead_d, serial_undead_a, serial_undead_b, serial_undead_c,
          serial_undead_f, uniq_crazy_yiuf_cottage, uniq_robin

Skill      XL: |  1  2  3  4  5 |
---------------+----------------+-----
Maces & Flails | 3 4 5 7 |  7.5
Fighting       | |  3.2
Armour         | |  3.2
Shields        | |  3.2

Action                   |  1- 3 |  4- 6 |  7- 9 || total
-------------------------+-------+-------+-------++-------
Melee: Flail             |   169 |   103 |       ||   272
       Morningstar       |       |    66 |    37 ||   103
  Use: Potion            |       |     1 |       ||     1
  Eat: Chunk             |     2 |     6 |     1 ||     9
Armor: Scale mail        |   124 |    69 |    16 ||   209
Dodge: Dodged            |    63 |    41 |    15 ||   119
Block: Shield            |   103 |    67 |    12 ||   182
